 Dungeon Crawl Stone Soup version 0.27-a0-906-g0a00ce863d (webtiles) character file.

Game seed: 16794642829390550285

9137 Lanoc the Frost Mage (level 11, -7/72 HPs)
             Began as a Human Ice Elementalist on Apr 7, 2021.
             Was a High Priest of Fedhas.
             Killed from afar by an ice statue (30 damage)
             ... with a bolt of cold
             ... in an ice cave.
             The game lasted 00:22:03 (13726 turns).

Lanoc the Frost Mage (Human Ice Elementalist)      Turns: 13726, Time: 00:22:04

Health: -7/72      AC:  9    Str:  9    XL:     11   Next: 68%
Magic:  16/16      EV: 21    Int: 19    God:    Fedhas [*****.]
Gold:   631        SH:  0    Dex: 13    Spells: 7/14 levels left

rFire    . . .     SeeInvis .   p - +3 lajatang (flame)
rCold    . . .     Faith    .   (shield currently unavailable)
rNeg     . . .     Spirit   .   f - +1 swamp dragon scales
rPois    +         Reflect  .   (no helmet)
rElec    .         Harm     .   b - +0 cloak
rCorr    .         Rampage  .   (no gloves)
Will     .....                  (no boots)
Stlth    +.........             (no amulet)
HPRegen  0.22/turn              w - +4 ring of evasion
MPRegen  0.15/turn              s - +4 ring of evasion

@: no status effects
A: high mp 1, screaming 1
a: Renounce Religion, Wall of Briars, Grow Ballistomycete, Overgrow, Grow Oklob


You were in an ice cave.
You worshipped Fedhas.
Fedhas was extremely pleased with you.
You visited 2 branches of the dungeon, and saw 12 of its levels.
You also visited: Sewer and Ice Cave.

You collected 631 gold pieces.

Inventory:

Hand Weapons
 p - a +3 lajatang of flaming (weapon)
Missiles
 a - 3 curare-tipped darts (quivered)
Armour
 b - a +0 cloak (worn)
 f - +1 swamp dragon scales (worn)
Jewellery
 e - a ring of protection from cold
 g - a ring of protection from fire
 s - a +4 ring of evasion (right hand)
 u - a ring of resist corrosion
 w - a +4 ring of evasion (left hand)
 A - a +6 ring of strength
 C - a +6 ring of intelligence
Wands
 m - a wand of polymorph (10)
 y - a wand of iceblast (7)
Scrolls
 c - a scroll of torment
 i - 2 scrolls of teleportation
 j - a scroll of silence {unknown}
 t - 3 scrolls of fear
 x - 2 scrolls of amnesia {unknown}
 D - a scroll of fog {unknown}
Potions
 d - a potion of berserk rage
 h - a potion of attraction
 l - 3 potions of brilliance
 o - 9 potions of curing
 q - 2 potions of mutation
 r - a potion of resistance {unknown}
 v - 2 potions of flight
 z - 2 potions of haste
 B - 2 potions of degeneration {unknown}


   Skills:
 + Level 1.9 Fighting
 + Level 9.9 Dodging
 - Level 2.0 Stealth
 - Level 2.0 Spellcasting
 * Level 13.7 Ice Magic
 + Level 4.9 Invocations


You had 7 spell levels left.
You knew the following spells:

 Your Spells              Type           Power      Damage    Failure   Level
a - Freeze                Ice            100%       1d11      1%          1
b - Frozen Ramparts       Ice            100%       1d12      1%          3
h - Ozocubu's Armour      Ice            52%        N/A       1%          3

Your spell library contained the following spells:

 Spells                   Type           Power      Damage    Failure   Level
 Hailstorm                Conj/Ice       28%        3d8       28%         4
 Ice Form                 Ice/Tmut       28%        N/A       28%         4
 Summon Ice Beast         Ice/Summ       28%        N/A       28%         4
 Beastly Appendage        Tmut           2%         N/A       43%         1
 Magic Dart               Conj           4%         1d3       43%         1
 Blink                    Tloc           N/A        N/A       56%         2
 Call Imp                 Summ           1%         N/A       56%         2
 Slow                     Hex            1%         N/A       56%         2
 Wereblood                Tmut           1%         N/A       56%         2
 Conjure Flame            Conj/Fire      1%         6-21      80%         3
 Mephitic Cloud           Conj/Pois/Air  1%         N/A       80%         3
 Spider Form              Tmut/Pois      0%         N/A       80%         3
 Summon Lightning Spire   Summ/Air       1%         N/A       99%         4
 Hydra Form               Tmut           0%         N/A       100%        5
 Silence                  Hex/Air        0%         N/A       100%        5
 Conjure Ball Lightning   Conj/Air       0%         3x3d6     100%        6
 Tornado                  Air            0%         N/A       100%        9


Dungeon Overview and Level Annotations

Branches:
Dungeon (12/15)            Temple (1/1) D:5             Orc (0/2) D:12
  Sewer (visited)           IceCv (1/1)
   Lair: D:8-11

Altars:
Ashenzari
Dithmenos
Elyvilon
Fedhas
Gozag
Nemelex Xobeh
Qazlal
Trog
Vehumet
Wu Jian
Zin
The Shining One
Jiyva

Shops:
D:1 :[=:   D:6 *

Annotations:
IceCv 1 transporter, exclusion: 2 ice statues


Innate Abilities, Weirdness & Mutations

You have an increased reservoir of magic. (+10% MP)
You occasionally shout uncontrollably at your foes.


Message History

The ice devil hits you! The ice devil freezes you!!
There is an open door here.
There is an open door here.
You hear the faint crackling of a melting archway.
There is a frozen archway here.
The ice devil hits you! The ice devil freezes you!!
* * * LOW HITPOINT WARNING * * *
The world spins around you as you enter the gateway.
You enter an ice cave!
You yell at the ice beast!
An ugly thing and 6 ice beasts come into view.
Found six items.
Found an ice covered gate leading back out of this place.
There is an ice choked empty arch of ancient stone here.
As you read the scroll of teleportation, it crumbles to dust.
You feel strangely unstable.
Your surroundings suddenly seem different.
A white ugly thing comes into view.
The white ugly thing gurgles horribly!
An ice statue comes into view.
The ice statue gestures.
Marking area around 2 ice statues as unsafe for travelling.
Found six items.
Found an ice covered gate leading back out of this place.
Found a transporter.
An ice statue comes into view.
As you read the scroll of teleportation, it crumbles to dust.
You feel strangely unstable.
You feel much better.
Your surroundings seem slightly different.
The ice statue gestures at you. The bolt of cold misses you.
The ice beast completely misses you.
As you read the scroll labelled GEUT SAWNOTS, it crumbles to dust.
Your body is wracked with pain!
The ice beast convulses!
The white ugly thing convulses!
It was a scroll of torment.
The ice beast barely misses you. The ice statue gestures at you.
The bolt of cold hits the ice beast.
The ice beast completely resists.
The bolt of cold hits you!!
You die...
Fedhas appreciates your contribution to the ecosystem.

###...####
##........##
#..........##
#...........##
#.8..8.......#
#:.(.........#
#©).(....©.∩.#
#?.[....u....#
#.8..8Y.@....#
#...........##
#..........##
##........##
###...####
####


You could see 2 ice statues, a white ugly thing and an ice beast (summoned).

Vanquished Creatures
  2 two-headed ogres
  Pikel (D:7)
  Maggie (D:7)
  A slime creature (D:10)
  2 wyverns
  23 yaks
  A water moccasin (D:6)
  An orc warrior (D:9)
  A sky beast (D:7)
  A black bear (D:6)
  4 ogres (D:5)
  3 lemures (D:7)
  A centaur (D:8)
  A phantom (D:4)
  6 kobold brigands
  2 bullfrogs
  A gnoll sergeant (D:10)
  2 wyvern zombies
  4 scorpions
  A water moccasin skeleton (D:6)
  6 killer bees (D:9)
  3 howler monkeys (D:10)
  A bullfrog zombie (D:5)
  2 centaur zombies
  7 jellies
  2 orc priests
  A gnoll shaman (D:7)
  An iguana (D:5)
  3 orc wizards
  Robin (D:2)
  12 gnolls
  3 howler monkey skeletons
  10 adders
  A white imp (D:6)
  An ufetubus (D:4)
  An adder skeleton (D:3)
  3 worms
  A dart slug (D:3)
  17 orcs
  8 endoplasms
  12 giant cockroaches
  7 hobgoblins
  9 jackals
  7 quokkas
  9 ball pythons
  5 bats
  12 frilled lizards
  7 goblins
  28 kobolds
  2 rats (D:2)
241 creatures vanquished.

Vanquished Creatures (others)
  11 plants (D:5)
11 creatures vanquished.

Grand Total: 252 creatures vanquished

Notes
Turn   | Place    | Note
-------+----------+-------------------------------------------
     0 | D:1      | Lanoc the Human Ice Elementalist began the quest for the
                  | Orb.
     0 | D:1      | Reached XP level 1. HP: 13/13 MP: 3/3
   208 | D:1      | Found Nynag's Book Emporium.
   265 | D:1      | Reached XP level 2. HP: 12/19 MP: 0/5
   674 | D:1      | Reached XP level 3. HP: 20/24 MP: 3/6
   842 | D:1      | Found Yxiosesk's Jewellery Shoppe.
   992 | D:1      | Found a faded altar of an unknown god.
   999 | D:1      | Became a worshipper of Fedhas Madash
   999 | D:1      | Reached * piety under Fedhas
  1067 | D:1      | Found Hyukler's Book Emporium.
  1108 | D:1      | Found Archuom's Armour Boutique.
  1538 | D:2      | Reached skill level 5 in Ice Magic
  1538 | D:2      | Reached XP level 4. HP: 26/30 MP: 4/7
  1631 | D:2      | Found a white marble altar of Elyvilon.
  2010 | D:2      | Noticed Robin
  2019 | D:2      | Killed Robin
  2375 | D:2      | Reached XP level 5. HP: 29/35 MP: 3/8
  2624 | D:3      | Learned a level 3 spell: Frozen Ramparts
  2628 | D:3      | Learned a level 3 spell: Ozocubu's Armour
  2803 | D:3      | Reached ** piety under Fedhas
  3514 | D:3      | Found a stormy altar of Qazlal.
  4012 | D:4      | Noticed a necrophage
  4027 | D:4      | Found a sparkling altar of Nemelex Xobeh.
  4046 | D:4      | Reached skill level 6 in Ice Magic
  4055 | D:4      | Found a glowing drain.
  4068 | D:4      | Reached XP level 6. HP: 41/41 MP: 3/9
  4084 | Sewer    | Entered a sewer
  4571 | Sewer    | Reached *** piety under Fedhas
  4921 | D:4      | Reached XP level 7. HP: 3/46 MP: 4/10
  5530 | D:4      | Reached skill level 7 in Ice Magic
  5915 | D:5      | Entered Level 5 of the Dungeon
  6181 | D:5      | Reached skill level 5 in Dodging
  6490 | D:5      | Found a broken altar of Ashenzari.
  6550 | D:5      | Reached skill level 8 in Ice Magic
  6550 | D:5      | Reached XP level 8. HP: 26/52 MP: 5/11
  6822 | D:5      | Found a staircase to the Ecumenical Temple.
  6837 | Temple   | Entered the Ecumenical Temple
  6992 | D:5      | Found an ornate altar of the Wu Jian Council.
  7050 | D:5      | Reached **** piety under Fedhas
  7612 | D:6      | Reached skill level 9 in Ice Magic
  7885 | D:6      | Reached XP level 9. HP: 52/57 MP: 8/12
  8125 | D:6      | Found Utud's Mass Market.
  8200 | D:6      | Found a bloodstained altar of Trog.
  8320 | D:6      | Found a glowing silver altar of Zin.
  8581 | D:7      | Found a glowing golden altar of the Shining One.
  8634 | D:7      | Reached skill level 10 in Ice Magic
  9077 | D:7      | Noticed Pikel
  9084 | D:7      | Killed Pikel
  9368 | D:7      | Noticed Maggie
  9385 | D:7      | Killed Maggie
  9386 | D:7      | Reached skill level 11 in Ice Magic
  9586 | D:7      | Reached XP level 10. HP: 58/63 MP: 9/13
  9588 | D:7      | Reached ***** piety under Fedhas
 10521 | D:8      | Reached skill level 12 in Ice Magic
 10910 | D:8      | Found a shadowy altar of Dithmenos.
 10920 | D:8      | Noticed a two-headed ogre
 10933 | D:8      | Killed a two-headed ogre
 11539 | D:9      | Found a radiant altar of Vehumet.
 11545 | D:9      | Reached skill level 1 in Invocations
 12169 | D:9      | Noticed a two-headed ogre
 12180 | D:9      | Killed a two-headed ogre
 12181 | D:9      | Reached XP level 11. HP: 59/68 MP: 6/14
 12481 | D:10     | Entered Level 10 of the Dungeon
 12498 | D:10     | Reached skill level 13 in Ice Magic
 12977 | D:10     | Found a viscous altar of Jiyva.
 13221 | D:10     | Reached skill level 1 in Fighting
 13512 | D:10     | Found an opulent altar of Gozag.
 13613 | D:10     | You fall into a shaft and drop 2 floors!
 13638 | D:12     | Found a portal to a secret trove of treasure.
 13694 | D:12     | Gained mutation: Your spells are a little harder to cast,
                  | but a little more powerful. [potion of mutation]
 13694 | D:12     | Gained mutation: You occasionally shout uncontrollably at
                  | your foes. [potion of mutation]
 13694 | D:12     | Lost mutation: Your spells are a little harder to cast, but
                  | a little more powerful. [potion of mutation]
 13694 | D:12     | Gained mutation: You have an increased reservoir of magic.
                  | (+10% MP) [potion of mutation]
 13696 | D:12     | Found a frozen archway.
 13718 | IceCv    | Entered an ice cave
 13718 | IceCv    | Noticed a white ugly thing
 13721 | IceCv    | Found a transporter.
 13721 | IceCv    | Noticed a white ugly thing
 13726 | IceCv    | Killed from afar by an ice statue

Illustrated notes

Levels and vault maps discovered:
D:1:      lightli_arrival_maybe_door_vault, layout_loops_cross, serial_shops,
          shop_statue, shop, shop, shop, basic_ecumenical_altar,
          chequers_serial_rivers_room_a
D:2:      layout_loops_ring, basic_altar, uniq_robin
D:3:      layout_loops_ring, nicolae_overflow_crystal_walls
D:4:      layout_cave_pools, lemuel_tele_altar, gup_sewer_entry_pipe,
          st_stairs_13
D:5:      layout_loops_ring, kennysheep_mini_moat, general_overflow_altar,
          minmay_temple_entry_overgrown, minmay_lizard_king
D:6:      layout_loops_ring, lemuel_doored_altar, kennysheep_little_box,
          serial_glass, glass_columns_b, glass_columns_a, chequers_avenue,
          minmay_shop_mass
D:7:      layout_loops_corners, lemuel_round_altar, uniq_pikel, uniq_maggie
D:8:      layout_loops_ring, grunt_dithmenos_smoke
D:9:      layout_grid_maze, lemuel_crystal_altar
D:10:     layout_loops_ring, amcnicky_altar_gilded,
          corexii_hall_statues_deadend, jiyva_altar_1
D:12:     layout_basic, david_orc_4, enter_trove_1,
          portal_ice_cave_demonic_guard, uniq_jorgrun, uniq_gastronok
Temple:   minmay_temple_bridge_abc
IceCv:    ice_cave_statue_garden_transporter

Skill      XL: |  1  2  3  4  5  6  7  8  9 10 11 |
---------------+----------------------------------+-----
Ice Magic      | 5 6 8 9 11 12 13 | 13.7
Dodging        | 3 4 5 6 7 9 |  9.9
Invocations    | 2 4 |  4.9
Fighting       | 1 |  1.9
Stealth        | |  2.0
Spellcasting   | |  2.0

Action                   |  1- 3 |  4- 6 |  7- 9 | 10-12 || total
-------------------------+-------+-------+-------+-------++-------
Melee: Unarmed           |    16 |    48 |       |       ||    64
       Lajatang          |       |    55 |   112 |   105 ||   272
Throw: Dart              |       |       |     3 |       ||     3
 Cast: Freeze            |    51 |    48 |    13 |    26 ||   138
       Frozen Ramparts   |       |    27 |    39 |    30 ||    96
       Ozocubu's Armour  |       |       |     1 |       ||     1
Evoke: Wand              |       |       |     5 |       ||     5
  Use: Scroll            |       |     4 |     7 |    11 ||    22
       Potion            |       |       |     5 |     3 ||     8
 Stab: Sleeping          |       |       |     1 |       ||     1
Armor: Robe              |     8 |    23 |     8 |       ||    39
       Skin              |       |       |    16 |       ||    16
       Swamp dragon scal |       |       |     2 |    38 ||    40
Dodge: Dodged            |    36 |   107 |   103 |   159 ||   405

Table legend: (Time is in decaauts)
 A = Elapsed time spent in this place.
 B = Non-inter-level travel time spent in this place.
 C = Inter-level travel time spent in this place.
 D = Time resting spent in this place.
 E = Time spent auto-exploring this place.
 F = Levels seen in this place.
 G = Mean time per level.
                   A        B        C        D        E       F      G
               +--------+--------+--------+--------+--------+-----+--------+
         Total |  13855 |  13717 |    138 |    461 |  11260 |  14 |  989.6 |
       Dungeon |  13043 |  12905 |    138 |    461 |  10626 |  11 | 1185.7 |
        Temple |      1 |      1 |      0 |      0 |      0 |   1 |    1.0 |
         Sewer |    801 |    801 |      0 |      0 |    634 |   1 |  801.0 |
      Ice Cave |      7 |      7 |      0 |      0 |      0 |   1 |    7.0 |
               +--------+--------+--------+--------+--------+-----+--------+

Top non-repeatable levels by time:
     D:3: 1611 daAuts
     D:7: 1600 daAuts
     D:5: 1586 daAuts
     D:1: 1318 daAuts
     D:8: 1295 daAuts
     D:4: 1160 daAuts
    D:10: 1155 daAuts
     D:9: 1116 daAuts
     D:2: 1081 daAuts
     D:6: 1012 daAuts
   Sewer: 801 daAuts
    D:12: 105 daAuts
   IceCv: 7 daAuts
  Temple: 1 daAuts
